 Dungeon Crawl Stone Soup version 0.27-a0-1196-g3e9cee4cb2 (webtiles) character file.

Game seed: 829472986470988410

37209 senseless the Grappler (level 13, -2/202 HPs)
             Began as a Troll Berserker on May 28, 2021.
             Was a High Priest of Trog.
             Slain by a phantasmal warrior (30 damage)
             ... led by a death knight
             ... on level 14 of the Dungeon on May 29, 2021.
             The game lasted 00:53:26 (12805 turns).

senseless the Grappler (Troll Berserker)           Turns: 12805, Time: 00:53:27

Health: -2/202     AC: 12    Str: 28    XL:     13   Next: 57%
Magic:  12/12      EV: 17    Int:  4    God:    Trog [*****.]
Gold:   873        SH:  0    Dex: 12    Spells: 12/12 levels left

rFire    . . .     SeeInvis .     - Unarmed
rCold    . . .     Faith    .   (no shield)
rNeg     + . .     Spirit   .   g - +1 acid dragon scales
rPois    .         Reflect  .   (helmet restricted)
rElec    .         Harm     .   f - +2 cloak {Will+}
rCorr    +         Rampage  .   (gloves unavailable)
Will     +....                  (boots unavailable)
Stlth    ..........             e - amulet of regeneration
HPRegen  2.43/turn              p - ring of positive energy
MPRegen  0.13/turn              P - +4 ring of evasion

@: berserking (expiring), very quick
A: large, unfitting armour, claws 3, regeneration 1, shaggy fur 1, tough skin 1
a: Renounce Religion, Berserk, Trog's Hand, Brothers in Arms


You were on level 14 of the Dungeon.
You worshipped Trog.
Trog was extremely pleased with you.
You visited 1 branch of the dungeon, and saw 14 of its levels.
You also visited: Ossuary.

You collected 1153 gold pieces.
You spent 280 gold pieces at shops.

Inventory:

Hand Weapons
 a - the +12 hunting sling "Ottuefo" {venom, rElec rF+ Str+2 Int+2}
   (You found it on level 4 of the Dungeon)

   It poisons the ammo it fires.
   It affects your strength (+2).
   It affects your intelligence (+2).
   It protects you from fire.
   It insulates you from electricity.
 v - a +1 antimagic great mace
 x - a +4 quick blade of flaming
 J - a +4 antimagic battleaxe
 N - a +3 whip of holy wrath
Missiles
 n - 36 sling bullets
 C - 7 datura-tipped darts
 H - 2 curare-tipped darts
 R - 3 atropa-tipped darts
Armour
 f - a +2 cloak of willpower (worn)
 g - +1 acid dragon scales (worn)
 j - a +2 animal skin
 O - a +0 robe of willpower
Jewellery
 e - an amulet of regeneration (around neck)
 p - a ring of positive energy (left claw)
 q - an amulet of faith
 y - a ring of resist corrosion
 F - a ring of flight
 P - a +4 ring of evasion (right claw)
 T - a ring of protection from fire
 V - a ring of positive energy
 W - a ring of protection from fire
 Z - an amulet of the acrobat
Wands
 h - a wand of acid (7)
 i - a wand of digging (10)
 k - a wand of flame (33)
 l - a wand of mindburst (15)
 D - a wand of charming (4)
 I - a wand of iceblast (10)
 M - a wand of paralysis (11)
Scrolls
 o - a scroll of enchant armour
 u - 3 scrolls of identify
 w - a scroll of magic mapping
 z - 2 scrolls of fear
 A - 2 scrolls of fog
 G - a scroll of silence
 S - a scroll of blinking
 X - 3 scrolls of teleportation
Potions
 b - 3 potions of heal wounds
 c - a potion of flight
 d - 2 potions of magic
 m - 5 potions of mutation
 r - 8 potions of curing
 s - 3 potions of might
 t - 3 potions of cancellation
 B - 2 potions of invisibility
 Q - a potion of lignification
 U - 2 potions of ambrosia
 Y - a potion of resistance


   Skills:
 + Level 10.5 Fighting
 + Level 7.9 Slings
 + Level 10.6 Dodging
 + Level 12.3 Unarmed Combat


You had 12 spell levels left.
You didn't know any spells.
Your spell library contained the following spells:

 Spells                   Type           Power      Damage    Failure   Level
 Foxfire                  Conj/Fire      0%         2x1d4     56%         1
 Freeze                   Ice            0%         1d3       56%         1
 Poisonous Vapours        Pois/Air       0%         N/A       71%         2
 Confusing Touch          Hex            0%         N/A       91%         3
 Conjure Flame            Conj/Fire      0%         6-21      91%         3
 Frozen Ramparts          Ice            0%         1d2       91%         3
 Gell's Gravitas          Tloc           0%         N/A       91%         3
 Inner Flame              Hex/Fire       0%         N/A       91%         3
 Mephitic Cloud           Conj/Pois/Air  0%         N/A       91%         3
 Ozocubu's Armour         Ice            0%         N/A       91%         3
 Hailstorm                Conj/Ice       0%         3d3       100%        4
 Petrify                  Tmut/Erth      0%         N/A       100%        4
 Sticky Flame             Conj/Fire      0%         2d3       100%        4
 Fireball                 Conj/Fire      0%         3d3       100%        5
 Metabolic Englaciation   Hex/Ice        0%         N/A       100%        5
 Yara's Violent Unravell  Hex/Tmut       0%         3d3       100%        5
 Freezing Cloud           Conj/Ice/Air   0%         6-21      100%        6


Dungeon Overview and Level Annotations

Branches:
Dungeon (14/15)            Temple (0/1) D:4            Lair (0/6) D:9
    Orc (0/2) D:9         Ossuary (visited)
 Vaults: D:13-14

Altars:
Ashenzari
Dithmenos
Fedhas
Hepliaklqana
Makhleb
Qazlal
Ru
Sif Muna
Trog
Vehumet
Wu Jian
Xom
Yredelemnul
Zin

Shops:
D:1 (   D:7 *!   D:8 *   D:9 *   D:13 [

Annotations:
D:14 1 runed translucent door, Kuinu's ghost, journeyman KoBr


Innate Abilities, Weirdness & Mutations

You are too large for most types of armour.
You have claws for hands.
Your natural rate of healing is unusually fast.
You are covered in fur. (AC +1)
You have tough skin. (AC +1)


Message History

The death knight barely misses you.
You completely miss the freezing wraith.
The freezing wraith is almost destroyed.
The freezing wraith hits you but does no damage.
The freezing wraith hits you. The phantasmal warrior hits you!!
You are too injured to fight recklessly!
You are too injured to fight recklessly!
You are too injured to fight recklessly!
You closely miss the freezing wraith.
The freezing wraith is almost destroyed.
The death knight hits you from afar with a +1 glaive of flaming!!
The death knight burns you.
You scratch the freezing wraith but do no damage.
You claw the freezing wraith.
You destroy the freezing wraith!
Trog accepts your kill. The phantasmal warrior hits you!!
* * * LOW HITPOINT WARNING * * *
You closely miss the phantasmal warrior.
The phantasmal warrior is severely damaged.
The death knight hits you from afar with a +1 glaive of flaming!
* * * LOW HITPOINT WARNING * * *
The death knight burns you.
* * * LOW HITPOINT WARNING * * *
The phantasmal warrior hits you.
* * * LOW HITPOINT WARNING * * *
You scratch the death knight.
The death knight is moderately wounded.
The death knight barely misses you.
You are too berserk!
You barely miss the death knight.
The death knight is moderately wounded.
The phantasmal warrior barely misses you.
You scratch the death knight.
The death knight is moderately wounded.
The death knight completely misses you.
You barely miss the death knight.
The death knight is heavily wounded.
The phantasmal warrior hits you!!
You die...

#........ ...........
#.....(.# #........
#......(# #........
#....(((# #........
#.......# #...#####
#....(..# #...#....
#..((# #...#....
#..(p# #...#....
#...@# ######...#...<
#..W)+ #........#....
#....###........#....
#..)............#....
#......[........#####
#...#######..........
#...# #..........
#...# ##.........
#..)# #.........


You could see a death knight (very poisoned) and a phantasmal warrior.

Vanquished Creatures
  Jorgrun (D:14)
  2 boulder beetles
  3 centaur warriors
  A rakshasa (D:13)
  2 hydras
  2 catoblepae
  Erica (D:11)
  2 two-headed ogres
  A skeletal warrior (D:14)
  2 manticores
  A deep elf pyromancer (D:13)
  2 ugly things
  8 cyclopes
  Joseph (D:7)
  2 gargoyles
  Psyche (D:8)
  A freezing wraith (D:14)
  An efreet (D:12)
  A rime drake (shapeshifter) (D:13)
  A komodo dragon (shapeshifter) (D:13)
  A kobold demonologist (D:12)
  2 tengu conjurers (D:14)
  A meliai (D:13)
  A troll (D:13)
  2 hornets
  9 slime creatures
  A dream sheep (shapeshifter) (D:13)
  Prince Ribbit (D:5)
  A spriggan (shapeshifter) (D:13)
  4 shadows
  29 yaks
  2 wraiths
  2 basilisks (D:12)
  A steam dragon (D:8)
  5 vampire mosquitoes
  3 wyverns
  Menkaure (Ossuary)
  2 wargs (D:7)
  An acid dragon (D:13)
  A water moccasin (D:7)
  4 black bears
  9 orc warriors
  A hornet zombie (D:7)
  An ice beast (D:6)
  11 ogres
  7 centaurs
  A phantom (D:5)
  3 kobold brigands
  2 bullfrogs
  8 earth elementals (D:12)
  3 gnoll sergeants
  7 scorpions
  A water moccasin zombie (D:5)
  A water moccasin skeleton (D:5)
  20 killer bees
  5 wights (D:9)
  7 howler monkeys
  3 centaur zombies
  11 hounds
  2 jellies
  A gnoll shaman (D:7)
  13 orc priests
  2 centaur skeletons
  5 iguanas
  Ijyb (D:5)
  Natasha (thrice) (D:2)
  17 orc wizards
  A killer bee zombie (D:7)
  A hound skeleton (D:4)
  4 mummies
  12 gnolls
  8 adders
  2 shadow imps
  An ufetubus (D:7)
  A worm (D:2)
  2 dart slugs (D:2)
  35 orcs
  6 ball pythons
  5 endoplasms
  3 giant cockroaches
  4 goblins
  10 hobgoblins
  12 jackals
  A quokka (D:2)
  4 bats
  2 frilled lizards (D:3)
  8 gnoll skeletons (Ossuary)
  6 gnoll zombies (Ossuary)
  2 goblin skeletons (Ossuary)
  3 goblin zombies (Ossuary)
  3 hobgoblin skeletons (Ossuary)
  6 hobgoblin zombies (Ossuary)
  22 kobolds
  3 kobold skeletons (Ossuary)
  2 kobold zombies (Ossuary)
  2 orc skeletons (Ossuary)
  3 orc zombies (Ossuary)
  2 rats
  5 rat skeletons (Ossuary)
  5 rat zombies (Ossuary)
  3 bushes (D:3)
444 creatures vanquished.

Vanquished Creatures (others)
  2 orc skeletons (Ossuary)
  2 fungi (D:14)
  9 plants
13 creatures vanquished.

Grand Total: 457 creatures vanquished

Notes
Turn   | Place    | Note
-------+----------+-------------------------------------------
     0 | D:1      | senseless the Troll Berserker began the quest for the Orb.
     0 | D:1      | Reached XP level 1. HP: 22/22 MP: 0/0
   138 | D:1      | Found Yryrch's Antique Weapon Emporium.
   234 | D:1      | Reached XP level 2. HP: 29/29 MP: 1/1
   791 | D:2      | Reached XP level 3. HP: 36/36 MP: 2/2
   808 | D:2      | Noticed Natasha
   820 | D:2      | Killed Natasha
   821 | D:2      | Reached XP level 4. HP: 40/45 MP: 3/3
   839 | D:2      | Noticed Natasha
   845 | D:2      | Killed Natasha
   846 | D:2      | Reached skill level 4 in Unarmed Combat
   905 | D:2      | Found a faded altar of an unknown god.
   955 | D:2      | Reached ** piety under Trog
  1034 | D:2      | Found a broken altar of Ashenzari.
  1062 | D:2      | Reached XP level 5. HP: 53/53 MP: 4/4
  1094 | D:2      | Noticed Natasha
  1104 | D:2      | Killed Natasha
  1269 | D:3      | Found a stormy altar of Qazlal.
  1654 | D:3      | Reached XP level 6. HP: 62/62 MP: 5/5
  2347 | D:4      | Reached *** piety under Trog
  2350 | D:4      | Reached skill level 5 in Unarmed Combat
  2410 | D:4      | Reached XP level 7. HP: 71/71 MP: 6/6
  2474 | D:4      | Found a staircase to the Ecumenical Temple.
  2634 | D:4      | Found a basalt altar of Yredelemnul.
  2637 | D:4      | Found a shimmering altar of Xom.
  2680 | D:4      | Identified the +12 hunting sling "Ottuefo" {venom, rElec
                  | rF+ Str+2 Int+2}
  2717 | D:4      | Found an ornate altar of the Wu Jian Council.
  2720 | D:4      | Found a blossoming altar of Fedhas.
  3075 | D:5      | Entered Level 5 of the Dungeon
  3079 | D:5      | Noticed Ijyb
  3093 | D:5      | Killed Ijyb
  3177 | D:5      | Reached skill level 1 in Slings
  3177 | D:5      | Reached skill level 6 in Unarmed Combat
  3177 | D:5      | Reached XP level 8. HP: 59/79 MP: 7/7
  3241 | D:5      | Found a bloodstained altar of Trog.
  3245 | D:5      | Reached skill level 5 in Fighting
  3245 | D:5      | Reached skill level 5 in Dodging
  3449 | D:5      | Reached **** piety under Trog
  3582 | D:5      | Found a shimmering blue altar of Sif Muna.
  3618 | D:5      | Noticed Prince Ribbit
  3621 | D:5      | Killed Prince Ribbit
  4158 | D:6      | Found a sand-covered staircase.
  4182 | Ossuary  | Entered an ossuary
  4279 | Ossuary  | Reached ***** piety under Trog
  4372 | Ossuary  | Reached skill level 7 in Unarmed Combat
  4471 | Ossuary  | Noticed Menkaure
  4482 | Ossuary  | Killed Menkaure
  4483 | Ossuary  | Reached XP level 9. HP: 89/89 MP: 8/8
  4984 | D:6      | Found a hazy altar of Hepliaklqana.
  5210 | D:7      | Received a gift from Trog
  5372 | D:7      | Noticed a two-headed ogre
  5382 | D:7      | Killed a two-headed ogre
  5383 | D:7      | Reached skill level 8 in Unarmed Combat
  5404 | D:7      | Reached XP level 10. HP: 82/100 MP: 9/9
  5823 | D:7      | Found Quikum's Distillery.
  5920 | D:7      | Noticed Joseph
  5928 | D:7      | Killed Joseph
  6110 | D:7      | Found Puphij's Assorted Antiques.
  6348 | D:7      | Received a gift from Trog
  6407 | D:7      | Reached skill level 9 in Unarmed Combat
  6604 | D:8      | Noticed Psyche
  6615 | D:8      | Killed Psyche
  6628 | D:8      | Found Menweel's Mass Market.
  6704 | D:8      | Noticed a manticore
  6707 | D:8      | Killed a manticore
  6761 | D:8      | Reached skill level 5 in Slings
  6775 | D:8      | Reached XP level 11. HP: 111/111 MP: 10/10
  7396 | D:8      | Received a gift from Trog
  7695 | D:9      | Found a shadowy altar of Dithmenos.
  7725 | D:9      | Found a staircase to the Lair.
  7789 | D:9      | Reached skill level 10 in Unarmed Combat
  7886 | D:9      | Found a staircase to the Orcish Mines.
  8256 | D:9      | Noticed a seven-headed hydra
  8265 | D:9      | Killed an eight-headed hydra
  8341 | D:9      | Found a burning altar of Makhleb.
  8357 | D:9      | Found Zin's Purification Station.
  8360 | D:9      | Found a glowing silver altar of Zin.
  8514 | D:10     | Entered Level 10 of the Dungeon
  8514 | D:10     | Found a radiant altar of Vehumet.
  8554 | D:10     | Received a gift from Trog
  8705 | D:10     | Found a sacrificial altar of Ru.
  8806 | D:10     | Reached ****** piety under Trog
  9175 | D:11     | Reached XP level 12. HP: 123/123 MP: 11/11
  9819 | D:11     | Noticed Erica
  9830 | D:11     | Killed Erica
 10216 | D:12     | Noticed a catoblepas
 10232 | D:12     | Killed a catoblepas
 10249 | D:12     | Reached skill level 11 in Unarmed Combat
 10394 | D:12     | Noticed a two-headed ogre
 10398 | D:12     | Killed a two-headed ogre
 11151 | D:13     | Paralysed by a hornet for 1 turns
 11261 | D:13     | Noticed an eight-headed hydra
 11268 | D:13     | Killed an eight-headed hydra
 11337 | D:13     | Noticed a centaur warrior
 11344 | D:13     | Killed a centaur warrior
 11357 | D:13     | Noticed a rakshasa
 11371 | D:13     | Killed a rakshasa
 11439 | D:13     | Noticed a catoblepas
 11444 | D:13     | Reached skill level 10 in Dodging
 11463 | D:13     | Killed a catoblepas
 11464 | D:13     | Reached skill level 10 in Fighting
 11464 | D:13     | Reached XP level 13. HP: 79/133 MP: 12/12
 11714 | D:13     | Found Zaunisua's Armour Shoppe.
 11718 | D:13     | Bought a +1 cloak of willpower for 280 gold pieces
 12293 | D:14     | Reached skill level 12 in Unarmed Combat
 12389 | D:14     | Noticed Jorgrun
 12401 | D:14     | Killed Jorgrun
 12583 | D:14     | Received a gift from Trog
 12634 | D:14     | Found a runed translucent door.
 12636 | D:14     | Noticed Kuinu's ghost (journeyman KoBr)
 12637 | D:14     | Identified the +6 trident "Muebepuy" {flame, Str+2}
 12805 | D:14     | Slain by a phantasmal warrior

Illustrated notes

Levels and vault maps discovered:
D:1:      tarquinn_simple_flora_water_e, layout_basic, serial_shops, shop_coins
D:2:      layout_rooms, shapermc_ecumenical_altar_notcrosses, basic_altar,
          uniq_natasha
D:3:      layout_basic, overflow_temple_1_default, serial_forest,
          infiniplex_forest_clump_medium, infiniplex_forest_clump_small,
          infiniplex_forest_lined_2, infiniplex_forest_lined_room_3,
          infiniplex_forest_clump_diagonal
D:4:      layout_gridville, nicolae_overflow_hidden_temple,
          minmay_temple_entry_slanted, minmay_bisected
D:5:      layout_basic, trog_three_pillars_becter, marbit_many_paths,
          roderic_nine_men_s_morris, uniq_ijyb, uniq_prince_ribbit1
D:6:      layout_basic, nicolae_hepliaklqana_hippocampus,
          gup_ossuary_entry_pyramid
D:7:      lemuel_castle_with_subvaults [lemuel_castle_interior_original],
          layout_cave_pools, serial_shops, shop, kennysheep_windowed_goal,
          uniq_joseph
D:8:      layout_rooms, kennysheep_nub, grunt_ministairs_3, st_stairs_4,
          minmay_shop_mass, uniq_psyche
D:9:      layout_long_grid, kennysheep_mini_moat, zin_purify,
          grunt_dithmenos_smoke, david_lair_generic, david_orc_4
D:10:     layout_big_octagon, nicolae_ru_the_path_less_chosen,
          general_overflow_altar, minivault_21, kennysheep_potato
D:11:     layout_layer_cave, portal_ice_cave_entry_pillars_1,
          hangedman_decor_peaks_small, uniq_erica
D:12:     layout_loops_cross, hex_medium, hangedman_cracks_in_the_wall
D:13:     minmay_angry_zag, layout_irregular_city, serial_shops, shop
D:14:     layout_irregular_city, lightli_vaults_fourway_checkpoint,
          dk_noncrumbling_3, ebering_ghost_funeral_grove, uniq_jorgrun

Skill      XL: |  1  2  3  4  5  6  7  8  9 10 11 12 13 |
---------------+----------------------------------------+-----
Fighting       | 3 4 5 6 7 9 10 | 10.5
Dodging        | 3 4 5 6 7 9 10 | 10.6
Unarmed Combat | 4 5 6 7 8 9 10 11 12 | 12.3
Slings         | 1 2 3 5 6 7 |  7.9

Action                   |  1- 3 |  4- 6 |  7- 9 | 10-12 | 13-15 || total
-------------------------+-------+-------+-------+-------+-------++-------
Melee: Unarmed           |    49 |   244 |   291 |   331 |    72 ||   987
       Punch             |       |     7 |    11 |    25 |     6 ||    49
 Fire: Hunting sling     |       |       |    19 |   376 |    96 ||   491
Invok: Berserk           |       |     7 |     6 |    13 |     3 ||    29
  Use: Scroll            |     1 |     6 |     8 |     7 |     2 ||    24
       Potion            |       |       |     5 |     2 |     1 ||     8
 Stab: Sleeping          |     1 |     1 |     1 |       |       ||     3
       Distracted        |       |       |     1 |       |       ||     1
Armor: Animal skin       |    21 |    60 |    76 |    78 |     1 ||   236
       Acid dragon scale |       |       |       |       |    17 ||    17
Dodge: Dodged            |    35 |    68 |   112 |   232 |    43 ||   490

Table legend: (Time is in decaauts)
 A = Elapsed time spent in this place.
 B = Non-inter-level travel time spent in this place.
 C = Inter-level travel time spent in this place.
 D = Time resting spent in this place.
 E = Time spent auto-exploring this place.
 F = Levels seen in this place.
 G = Mean time per level.
                   A        B        C        D        E       F      G
               +--------+--------+--------+--------+--------+-----+--------+
         Total |  12858 |  12379 |    479 |   1466 |   8272 |  15 |  857.2 |
       Dungeon |  12443 |  11964 |    479 |   1411 |   8109 |  14 |  888.8 |
       Ossuary |    415 |    415 |      0 |     55 |    163 |   1 |  415.0 |
               +--------+--------+--------+--------+--------+-----+--------+

Top non-repeatable levels by time:
     D:7: 1495 daAuts
     D:3: 1150 daAuts
     D:9: 1066 daAuts
    D:12: 1050 daAuts
    D:11: 990 daAuts
    D:13: 987 daAuts
     D:8: 912 daAuts
     D:5: 911 daAuts
     D:4: 745 daAuts
     D:1: 744 daAuts
     D:6: 724 daAuts
    D:14: 621 daAuts
    D:10: 580 daAuts
     D:2: 462 daAuts
 Ossuary: 415 daAuts
